 Dungeon Crawl Stone Soup version 0.19.0-20-gbc5f0c6 (webtiles) character file.

172 GlenndL the Skirmisher (level 5, -1/46 HPs)
             Began as a Draconian Fighter on Nov 17, 2016.
             Slain by a howler monkey (6 damage)
             ... on level 4 of the Dungeon.
             The game lasted 00:07:17 (2080 turns).

GlenndL the Skirmisher (Draconian Fighter)          Turns: 2080, Time: 00:07:18

Health: -1/46      AC:  5    Str: 19    XL:     5   Next: 27%
Magic:  5/5        EV: 11    Int:  8    God:
Gold:   156        SH:  9    Dex: 11    Spells: 0 memorised, 4 levels left

rFire  . . .     SeeInvis .     a - +0 flail
rCold  . . .     Gourm    .     (armour unavailable)
rNeg   . . .     Faith    .     b - +0 shield
rPois  .         Spirit   .     (helmet restricted)
rElec  .         Reflect  .     (no cloak)
rCorr  .         Harm     .     (no gloves)
MR     .....                    (no boots)
Stlth  +.........               (no amulet)
                                (no ring)
                                (no ring)

@: no status effects
A: unfitting armour, cold-blooded, AC +5
a: no special abilities


You were on level 4 of the Dungeon.
You were full.

You visited 1 branch of the dungeon, and saw 4 of its levels.

You collected 156 gold pieces.

Inventory:

Hand Weapons
 a - a +0 flail (weapon)
Armour
 b - a +0 shield (worn)
Jewellery
 p - an uncursed ring of magical power {unknown}
 v - a +6 ring of intelligence {unknown}
Scrolls
 e - a scroll of enchant weapon {unknown}
 g - a scroll of blinking {unknown}
 h - 2 scrolls of noise {unknown}
 i - 3 scrolls of remove curse {unknown}
 l - a scroll of fear {unknown}
 n - a scroll of immolation
 o - a scroll of magic mapping {unknown}
 q - a scroll of fog {unknown}
 r - a scroll of identify {unknown}
 s - a scroll of random uselessness {unknown}
 w - a scroll of recharging {unknown}
Potions
 c - a potion of might
 j - 2 potions of berserk rage {unknown}
 k - a potion of invisibility {unknown}
 m - 2 potions of curing {unknown}
 t - a potion of resistance {unknown}
 u - a potion of agility {unknown}
Comestibles
 d - 2 bread rations
 f - a beef jerky


   Skills:
 + Level 4.2 Fighting
 + Level 3.4 Maces & Flails
 + Level 3.3 Dodging
 + Level 1.0 Stealth
 + Level 3.8 Shields


You had 4 spell levels left.
You didn't know any spells.

Dungeon Overview and Level Annotations

Branches:
Dungeon (4/15)
 Temple: D:4-7

Altars:


Innate Abilities, Weirdness & Mutations

Your plain brown scales are hard. (AC +5)
You cannot fit into any form of body armour.
You are cold-blooded and may be slowed by cold attacks.


Message History

You block the iguana's attack. The hound bites you.
* * * LOW HITPOINT WARNING * * *
You barely miss the howler monkey.
The howler monkey is moderately wounded.
The howler monkey hoots and howls with incredible vigour!
The hound closely misses you. The iguana bites you.
* * * LOW HITPOINT WARNING * * *
You block the howler monkey's attack. The hound misses you.
You completely miss the howler monkey. You tail-slap the howler monkey.
The howler monkey is heavily wounded.
You hear the slow rusting of a distant drain.
The hound bites you but does no damage. You block the iguana's attack.
The howler monkey hits you but does no damage.
The hound bites you.
* * * LOW HITPOINT WARNING * * *
The iguana misses you.
Your shield prevents you from hitting the howler monkey.
The howler monkey is heavily wounded.
The howler monkey hits you.
You die...

##
.#########################
.#........................
.'........................
.#........................
.#.......................
.#...................#
.#.............h@l...#
.#...###..##..###h...#
.#...# #####..###....#
.#.... #...#........ .#
#...#......... .#
#...#.......... .#
#...#.....##...
#...#.....# ##+ #...#


You could see a howler monkey (inner flame), an iguana (inner flame) and a
hound.

Vanquished Creatures
  A centaur skeleton (D:4)
  A worker ant (D:4)
  5 adders
  An ooze (D:3)
  2 dart slugs
  A leopard gecko (D:2)
  2 orcs (D:3)
  9 bats
  3 giant cockroaches
  6 hobgoblins
  5 jackals
  2 quokkas (D:3)
  2 frilled lizards
  13 goblins
  4 kobolds
  7 rats
64 creatures vanquished.

Notes
Turn   | Place    | Note
-------+----------+-------------------------------------------
     0 | D:1      | GlenndL the Draconian Fighter began the quest for the Orb.
     0 | D:1      | Reached XP level 1. HP: 19/19 MP: 1/1
    88 | D:1      | Reached XP level 2. HP: 26/26 MP: 2/2
   726 | D:2      | Reached XP level 3. HP: 28/33 MP: 3/3
  1375 | D:2      | Reached skill level 4 in Fighting
  1375 | D:2      | Reached XP level 4. HP: 38/40 MP: 4/4
  1992 | D:4      | Reached XP level 5. HP: 40/46 MP: 5/5
  2034 | D:4      | Reached skill level 1 in Stealth
  2070 | D:4      | HP: 2/46 [howler monkey (4)]
  2080 | D:4      | Slain by a howler monkey

Skill      XL: |  1  2  3  4  5 |
---------------+----------------+-----
Dodging        | 3 |  3.3
Fighting       | 4 |  4.2
Maces & Flails | 3 |  3.4
Stealth        | 1 |  1.0
Shields        | |  3.8

Action                   |  1- 3 |  4- 6 || total
-------------------------+-------+-------++-------
Melee: Flail             |   111 |   111 ||   222
       Tailslap          |    15 |    16 ||    31
  Use: Scroll            |       |     1 ||     1
       Potion            |       |     1 ||     1
 Stab: Sleeping          |     2 |     2 ||     4
       Distracted        |       |     1 ||     1
  Eat: Bread ration      |       |     2 ||     2
Armor: Skin              |    34 |    53 ||    87
Dodge: Dodged            |    54 |    72 ||   126
Block: Shield            |    51 |    73 ||   124
